 Dungeon Crawl Stone Soup version 0.22.0-49-gab54619 (webtiles) character file.

2024 MajorAdolf the Summoner (level 9, -7/51 HPs)
             Began as an Octopode Summoner on Sept 7, 2018.
             Was a Believer of Ru.
             Mangled by a vampire (13 damage)
             ... on level 9 of the Dungeon.
             The game lasted 00:36:35 (8984 turns).

MajorAdolf the Summoner (Octopode Summoner)         Turns: 8984, Time: 00:36:37

Health: -7/51      AC:  1    Str: 10    XL:     9   Next: 23%
Magic:  26/34      EV: 15    Int: 20    God:    Ru [**....]
Gold:   353        SH:  0    Dex: 12    Spells: 9/21 levels left

rFire    . . .     SeeInvis .   l - staff of power
rCold    . . .     Gourm    .   (helmet restricted)
rNeg     . . .     Faith    .   a - amulet of the acrobat
rPois    .         Spirit   .   f - +2 ring of strength
rElec    .         Reflect  .   (no ring)
rCorr    .         Harm     .   (no ring)
MR       .....                  (no ring)
Stlth    +++.......             (no ring)
HPRegen  0.17/turn              (no ring)
MPRegen  0.24/turn              (no ring)

@: no status effects
A: almost no armour, stealthy swim, amphibious, 7 rings, constrict 7, camouflage
1, gelatinous body 1, missing a hand
a: Renounce Religion


You were on level 9 of the Dungeon.
You worshipped Ru.
Ru was pleased with you.
You were not hungry.

You visited 2 branches of the dungeon, and saw 10 of its levels.
You also visited: Ossuary.

You collected 353 gold pieces.

Inventory:

Magical Staves
 l - an uncursed staff of power (weapon)
Jewellery
 a - an amulet of the acrobat (around mantle)
 f - a +2 ring of strength (left tentacle)
Wands
 n - a wand of clouds (5)
 s - a wand of enslavement (9)
Scrolls
 c - 6 scrolls of teleportation
 e - a scroll of enchant weapon
 h - a scroll of blinking
 o - 2 scrolls of identify
 q - a scroll of remove curse
 u - a scroll of fear
 w - 2 scrolls of fog
Potions
 d - 2 potions of might
 g - 2 potions of magic
 i - a potion of brilliance {unknown}
 j - a potion of lignification
 m - 2 potions of flight
 p - 2 potions of curing
 r - a potion of heal wounds
 t - 2 potions of ambrosia
Comestibles
 b - 11 rations


   Skills:
 + Level 4.7 Dodging
 - Level 2.6 Stealth
 + Level 6.9 Spellcasting
 + Level 8.1 Summonings
 - Level 4.0 Air Magic


You had 9 spell levels left.
You knew the following spells:

 Your Spells              Type           Power        Failure   Level  Hunger
b - Call Imp              Summ           #####...     1%          2    None
c - Call Canine Familiar  Summ           #####...     1%          3    #......
d - Summon Lightning Spi  Summ/Air       ####....     8%          4    ###....
e - Regeneration          Chrm/Necr      #.........   28%         3    #......

Your spell library contained the following spells:

 Spells                   Type           Power        Failure   Level  Hunger
 Summon Small Mammal      Summ           ####         1%          1    None
 Summon Guardian Golem    Hex/Summ       ###.....     5%          3    #......
 Animate Skeleton         Necr           N/A          10%         1    None
 Pain                     Necr           #...         10%         1    None
 Summon Ice Beast         Ice/Summ       ###.....     19%         4    ###....
 Vampiric Draining        Necr           #.........   28%         3    #......
 Animate Dead             Necr           N/A          67%         4    ###....


Dungeon Overview and Level Annotations

Branches:
Dungeon (9/15)             Temple (1/1) D:5
   Lair: D:8-11         Orc: D:9-12

Altars:
Ashenzari
Cheibriados
Dithmenos
Elyvilon
Fedhas
Gozag
Hepliaklqana
Kikubaaqudgha
Makhleb
Nemelex Xobeh
Okawaru
Qazlal
Ru
Sif Muna
Trog
Uskayaw
Vehumet
Wu Jian
Xom
Yredelemnul
Zin
The Shining One


Innate Abilities, Weirdness & Mutations

You cannot wear most types of armour.
You are very stealthy in the water. (Stealth+)
You are amphibious.
You can wear up to seven rings at the same time.
You can use your tentacles to constrict seven enemies at once.
Your skin changes colour to match your surroundings (Stealth+).
Your rubbery body absorbs attacks. (AC +1, EV +1)
You are missing a hand.


Message History

Confirm with . or Enter, or press ? or * to list all spells.
Aiming: Summon Lightning Spire (safe; 8% risk of failure)
Press: ? - help, Dir - move target cursor An electric hum fills the air.
Your magical contamination has completely faded away.
You hear some strange, mumbled words.
You are confused.
You barely miss something. Something hits you! Something bites you.
Something draws strength from your injuries!
Something hits you. Something bites you.
Something draws strength from your injuries!
The orc priest looks braver for a moment.
Something misses you. Something completely misses you.
You bump into the rock wall.
You feel less confused.
The orc priest calls down the wrath of Beogh upon you.
You struggle to resist.
Something hits you!
* * * LOW HITPOINT WARNING * * *
Something bites you!
You die...

#.# #...# #.#
#...# #.# #...#
#.# #...# #.#
#o..# #.# #.8.#
#.# #...#
#.#####...#####.
#..<..@{........
################


You could see an orc priest and a friendly lightning spire.

Vanquished Creatures
  Grinder (D:6)
  A centaur (D:5)
  2 crimson imps
  A centaur skeleton (D:4)
  A bullfrog skeleton (D:5)
  A big kobold zombie (Ossuary)
  2 hound zombies (Ossuary)
  An adder (D:5)
  A river rat (D:5)
  3 oozes
  A worm (D:5)
  3 leopard geckos
  3 orcs
  3 giant cockroaches
  7 goblins
  3 hobgoblins
  7 jackals
  5 kobolds
  2 quokkas
  A ball python (D:1)
  6 bats
  5 frilled lizards
  A goblin zombie (Ossuary)
  2 hobgoblin zombies (Ossuary)
  4 kobold zombies (Ossuary)
  3 quokka zombies
  2 rats
  2 rat zombies (Ossuary)
74 creatures vanquished.

Vanquished Creatures (collateral kills)
  Pikel (D:5)
  Menkaure (D:4)
  2 slaves (D:5)
  An orc warrior (D:8)
  A phantom (D:6)
  A black bear (D:8)
  A necrophage (D:7)
  5 ogres
  2 centaurs
  2 big kobolds (D:8)
  A bullfrog (D:6)
  A water moccasin zombie (D:7)
  A wyvern skeleton (D:8)
  A scorpion (D:6)
  A howler monkey (D:6)
  4 crimson imps
  A jelly (D:7)
  2 orc priests
  2 hounds (D:5)
  2 human zombies (Ossuary)
  An orc wizard (D:8)
  A bullfrog skeleton (D:8)
  An iguana (D:6)
  4 worker ants
  Natasha (D:2)
  3 mummies (Ossuary)
  A worker ant zombie (D:8)
  7 gnolls
  12 adders
  An adder zombie (D:8)
  6 worms
  A dart slug (D:1)
  3 leopard geckos
  17 orcs
  4 ball pythons
  2 giant cockroaches
  2 gnoll zombies (Ossuary)
  A goblin (D:1)
  3 hobgoblins
  18 jackals
  A quokka (D:8)
  A bat (D:2)
  3 goblin zombies (Ossuary)
  2 jackal zombies (Ossuary)
  6 kobolds (D:8)
  A leopard gecko skeleton (D:5)
  A leopard gecko zombie (D:7)
  2 orc zombies (Ossuary)
  4 quokka zombies
  3 rats
  4 rat zombies (Ossuary)
150 creatures vanquished.

Vanquished Creatures (others)
  A sky beast (D:5)
1 creature vanquished.

Grand Total: 225 creatures vanquished

Notes
Turn   | Place    | Note
-------+----------+-------------------------------------------
     0 | D:1      | MajorAdolf the Octopode Summoner began the quest for the
                  | Orb.
     0 | D:1      | Reached XP level 1. HP: 11/11 MP: 3/3
   260 | D:1      | Reached XP level 2. HP: 17/17 MP: 3/5
   264 | D:1      | Learned a level 2 spell: Call Imp
  1005 | D:2      | Reached XP level 3. HP: 21/21 MP: 3/6
  1015 | D:2      | Learned a level 3 spell: Call Canine Familiar
  1221 | D:2      | Noticed Natasha
  1235 | D:2      | Killed Natasha
  1631 | D:3      | Reached skill level 5 in Summonings
  1631 | D:3      | Reached XP level 4. HP: 3/27 MP: 3/7
  2099 | D:3      | Found a shattered altar of Ashenzari.
  2166 | D:3      | Reached XP level 5. HP: 30/31 MP: 9/9
  2750 | D:3      | Found a radiant altar of Vehumet.
  2841 | D:4      | Noticed an ogre
  2916 | D:3      | Killed an ogre
  3074 | D:4      | Noticed an ogre
  3083 | D:4      | Noticed Menkaure
  3106 | D:5      | Entered Level 5 of the Dungeon
  3106 | D:5      | Noticed a slave
  3106 | D:5      | Noticed a slave
  3106 | D:5      | Noticed a slave
  3106 | D:5      | Noticed a slave
  3108 | D:5      | Noticed Pikel
  3116 | D:4      | HP: 1/31 [ogre/giant club (3)]
  3127 | D:3      | Killed an ogre
  3270 | D:4      | Reached XP level 6. HP: 12/36 MP: 11/11
  3298 | D:4      | Found a sand-covered staircase.
  3305 | Ossuary  | Entered an ossuary
  3854 | D:4      | Killed Menkaure
  3854 | D:4      | Reached skill level 6 in Summonings
  3854 | D:4      | Reached XP level 7. HP: 22/41 MP: 13/13
  4008 | D:4      | HP: 1/41 [centaur skeleton (5)]
  4204 | D:5      | Found a staircase to the Ecumenical Temple.
  4586 | D:5      | Killed Pikel
  4586 | D:5      | Reached skill level 5 in Spellcasting
  5011 | D:5      | HP: 2/41 [sky beast (6)]
  5014 | D:5      | Reached skill level 7 in Summonings
  5014 | D:5      | Reached XP level 8. HP: 3/46 MP: 16/16
  5274 | D:5      | Learned a level 4 spell: Summon Lightning Spire
  5341 | D:5      | Reached skill level 1 in Air Magic
  6123 | Temple   | Entered the Ecumenical Temple
  6473 | Temple   | Became a worshipper of Ru the Awakened
  6745 | D:6      | Noticed Grinder
  6784 | D:6      | Paralysed by Grinder for 2 turns
  6802 | D:6      | Killed Grinder
  7280 | D:6      | Found a white marble altar of Elyvilon.
  7280 | D:6      | Found a hide-covered altar of Uskayaw.
  7413 | D:7      | Learned a level 3 spell: Regeneration
  7722 | D:7      | Found a deep blue altar of Sif Muna.
  8067 | D:8      | Found a hazy altar of Hepliaklqana.
  8086 | D:8      | Reached XP level 9. HP: 24/51 MP: 18/18
  8365 | D:8      | Gained mutation: You are missing a hand. [Ru sacrifice]
  8365 | D:8      | Reached * piety under Ru
  8365 | D:8      | Reached ** piety under Ru
  8667 | D:8      | Reached skill level 8 in Summonings
  8984 | D:9      | Mangled by a vampire

Skill      XL: |  1  2  3  4  5  6  7  8  9 |
---------------+----------------------------+-----
Summonings     | 5 6 7 8 |  8.1
Dodging        | 3 4 |  4.7
Spellcasting   | 3 4 5 6 |  6.9
Air Magic      | 4 |  4.0
Stealth        | |  2.6

Action                   |  1- 3 |  4- 6 |  7- 9 || total
-------------------------+-------+-------+-------++-------
Melee: Unarmed           |    48 |       |       ||    48
       Tentacles         |    14 |    18 |    19 ||    51
       Constrict         |    17 |    33 |    31 ||    81
       Whip              |    21 |       |       ||    21
       Rapier            |    25 |    27 |       ||    52
       Staff             |       |    74 |   134 ||   208
 Cast: Summon Small Mamm |     5 |     3 |       ||     8
       Call Imp          |     6 |    15 |    24 ||    45
       Call Canine Famil |     5 |    23 |    23 ||    51
       Summon Lightning  |       |       |    25 ||    25
Invok: Sacrifice a Hand  |       |       |     1 ||     1
  Use: Scroll            |     5 |    11 |     7 ||    23
       Potion            |       |       |     3 ||     3
 Stab: Sleeping          |     7 |     5 |     4 ||    16
       Distracted        |       |     1 |     1 ||     2
  Eat: Ration            |     1 |     2 |     3 ||     6
       Chunk             |       |     3 |    10 ||    13
Armor: Skin              |    12 |     4 |     6 ||    22
Dodge: Dodged            |    94 |   102 |   204 ||   400
